 Dungeon Sprint DCSS version 0.27-a0-686-gaed091b46b (webtiles) character file.

Game seed: 3344886028160395340

3504 mhtbhm the Cleaver (level 9, -11/90 HPs)
             Began as a Minotaur Fighter on Mar 20, 2021.
             Was a High Priest of Trog.
             Killed from afar by a deep elf pyromancer (22 damage)
             ... with a bolt of fire
             ... in the Dungeon (Sprint VII: "The Pits").
             The game lasted 00:01:59 (959 turns).

mhtbhm the Cleaver (Minotaur Fighter)                Turns: 959, Time: 00:02:00

Health: -11/90     AC: 19    Str: 26    XL:     9   Next: 80%
Magic:  8/8        EV:  9    Int:  8    God:    Trog [*****.]
Gold:   0          SH: 14    Dex: 11    Spells: 8/8 levels left

rFire    . . .     SeeInvis .   a - +1 broad axe (freeze)
rCold    . . .     Faith    .   c - +0 kite shield
rNeg     . . .     Spirit   .   b - +3 plate armour
rPois    .         Reflect  .   (helmet restricted)
rElec    .         Harm     .   (no cloak)
rCorr    .         Rampage  .   (no gloves)
Will     .....     NoTele   +   o - +0 pair of boots
Stlth    ..........             (no amulet)
HPRegen  0.25/turn              m - +3 ring of strength
MPRegen  0.11/turn              n - +3 ring of intelligence

@: on fire, berserk cooldown, slowed, glowing, very slow
A: horns 2, retaliatory headbutt
a: Renounce Religion, Berserk, Trog's Hand, Brothers in Arms


You were in the Dungeon.
You worshipped Trog.
Trog was extremely pleased with you.
You visited 1 branch

Inventory:

Hand Weapons
 a - a +1 broad axe of freezing (weapon)
Armour
 b - a +3 plate armour (worn)
 c - a +0 kite shield (worn)
 o - a +0 pair of boots (worn)
Jewellery
 m - a +3 ring of strength (right hand)
 n - a +3 ring of intelligence (left hand)
Scrolls
 j - a scroll of blinking
 l - a scroll of summoning
Potions
 d - a potion of might
 e - 4 potions of curing
 f - 9 potions of heal wounds
 g - 3 potions of haste
 h - 4 potions of magic
 i - 5 potions of berserk rage
 k - 2 potions of invisibility


   Skills:
 + Level 12.2 Fighting
 + Level 14.7 Axes
 + Level 12.0 Armour
 + Level 5.3 Dodging
 + Level 1.3 Stealth
 + Level 14.2 Shields


You had 8 spell levels left.
You didn't know any spells.
Your spell library was empty.

Dungeon Overview and Level Annotations

Branches:
Dungeon (1/1)

Altars:
Ashenzari
Cheibriados
Dithmenos
Elyvilon
Fedhas
Gozag
Hepliaklqana
Kikubaaqudgha
Makhleb
Nemelex Xobeh
Okawaru
Qazlal
Ru
Sif Muna
Trog
Uskayaw
Vehumet
Wu Jian
Xom
Yredelemnul
Zin
The Shining One
Beogh
Jiyva
Lugonu


Innate Abilities, Weirdness & Mutations

You have a pair of horns on your head.
You reflexively headbutt those who attack you in melee.


Message History

* * * LOW HITPOINT WARNING * * *
You block the deep elf pyromancer's attack.
The fire elemental hits you. The fire elemental burns you!
* * * LOW HITPOINT WARNING * * *
You feel much better.
You feel sick. You block the fire elemental's attack.
The deep elf pyromancer hits you but does no damage.
Unknown command.
You feel better. You block the fire elemental's attack.
The deep elf pyromancer casts a spell.
The deep elf pyromancer blinks!
The fire elemental barely misses you.
Unknown command.
You slash the fire elemental! You freeze the fire elemental.
The fire elemental is moderately damaged.
The fire elemental hits you. The fire elemental burns you!
The fire elemental hits you. The fire elemental burns you!
You hit the fire elemental. You freeze the fire elemental.
You headbutt the fire elemental!
The fire elemental is almost destroyed.
The fire elemental barely misses you. You furiously retaliate!
You headbutt the fire elemental!
You destroy the fire elemental!
The deep elf pyromancer gestures wildly while chanting.
The deep elf pyromancer blinks!
The deep elf pyromancer gestures at you while chanting.
The sticky flame hits you.
You are covered in liquid flames!
Items here: ! ) [ †.
Unknown command.
Unknown command.
You are covered in liquid flames!
* * * LOW HITPOINT WARNING * * *
You block the deep elf pyromancer's attack.
Unknown command.
You slice the deep elf pyromancer!! You freeze the deep elf pyromancer.
The deep elf pyromancer is almost dead.
You are covered in liquid flames!
* * * LOW HITPOINT WARNING * * *
The deep elf pyromancer casts a spell at you.
The bolt of fire hits you!!
You die...

####......#..#......#
.[##................#
[)#####'#####''######
))##.......##''### ###
))##.......##....##..+
..##.......##...##...#
'###...<...##..##...#
..##.......##..#.e.#
..##.......##..'@.#
####.......##.##))#
..#############.).+
.########### #..).#
.#....#..[[##..#..#
)#....#..).##.###..
)†....'..))### #..
÷#....#..).# ..+
.#....#.!))# ..#


You could see a deep elf pyromancer.

Vanquished Creatures
  Erica (D)
  An unseen horror (D)
  A lindwurm (D)
  A phantasmal warrior (D)
  A hornet (D)
  A spriggan (D)
  A flying skull (D)
  A floating eye (D)
  A sky beast (D)
  An ogre (D)
  2 centaurs (D)
  A phantom (D)
  A bullfrog (D)
  5 killer bees (D)
  A crimson imp (D)
  A hound (D)
  An iguana (D)
  A gnoll (D)
  A white imp (D)
  An ooze (D)
  2 worms (D)
  A leopard gecko (D)
  An orc (D)
  A bat zombie (D)
  2 jackals (D)
  A kobold (D)
  A quokka (D)
  A bat (D)
35 creatures vanquished.

Notes
Turn   | Place    | Note
-------+----------+-------------------------------------------
     0 | D        | mhtbhm the Minotaur Fighter began the quest for the Orb.
     0 | D        | Reached XP level 1. HP: 19/19 MP: 0/0
   104 | D        | Found a bloodstained altar of Trog.
   104 | D        | Found a shimmering blue altar of Sif Muna.
   104 | D        | Found a viscous altar of Jiyva.
   104 | D        | Found a hazy altar of Hepliaklqana.
   104 | D        | Found an opulent altar of Gozag.
   105 | D        | Found a glowing golden altar of the Shining One.
   105 | D        | Found a glowing silver altar of Zin.
   105 | D        | Found a basalt altar of Yredelemnul.
   105 | D        | Found a shimmering altar of Xom.
   105 | D        | Found an ornate altar of the Wu Jian Council.
   105 | D        | Found a sacrificial altar of Ru.
   105 | D        | Found a stormy altar of Qazlal.
   105 | D        | Found an iron altar of Okawaru.
   105 | D        | Found a sparkling altar of Nemelex Xobeh.
   105 | D        | Found a burning altar of Makhleb.
   105 | D        | Found a blossoming altar of Fedhas.
   105 | D        | Found a white marble altar of Elyvilon.
   105 | D        | Found a shadowy altar of Dithmenos.
   105 | D        | Found a snail-covered altar of Cheibriados.
   107 | D        | Found a radiant altar of Vehumet.
   107 | D        | Found a corrupted altar of Lugonu.
   109 | D        | Became a worshipper of Trog the Wrathful
   155 | D        | Noticed a floating eye
   157 | D        | Killed a floating eye
   157 | D        | Reached * piety under Trog
   158 | D        | Reached XP level 2. HP: 31/31 MP: 1/1
   158 | D        | Reached XP level 3. HP: 38/38 MP: 2/2
   158 | D        | Reached XP level 4. HP: 45/45 MP: 3/3
   175 | D        | Reached skill level 1 in Dodging
   175 | D        | Reached ** piety under Trog
   179 | D        | Reached XP level 5. HP: 29/52 MP: 4/4
   344 | D        | Noticed a centaur
   345 | D        | Noticed a sky beast
   350 | D        | Reached skill level 5 in Axes
   352 | D        | Reached *** piety under Trog
   355 | D        | Killed a centaur
   356 | D        | Killed a sky beast
   357 | D        | Reached XP level 6. HP: 62/62 MP: 5/5
   358 | D        | Reached **** piety under Trog
   404 | D        | Noticed a lindwurm
   414 | D        | Killed a lindwurm
   415 | D        | Reached skill level 10 in Fighting
   415 | D        | Reached skill level 10 in Armour
   415 | D        | Reached XP level 7. HP: 49/72 MP: 6/6
   599 | D        | Reached ***** piety under Trog
   600 | D        | Reached skill level 10 in Axes
   603 | D        | Noticed a flying skull
   607 | D        | Received a gift from Trog
   608 | D        | Reached XP level 8. HP: 80/80 MP: 7/7
   617 | D        | Killed a flying skull
   619 | D        | Reached skill level 1 in Stealth
   733 | D        | Found a hide-covered altar of Uskayaw.
   733 | D        | Found an ancient bone altar of Kikubaaqudgha.
   733 | D        | Found a broken altar of Ashenzari.
   758 | D        | Noticed a phantasmal warrior
   766 | D        | Killed a phantasmal warrior
   781 | D        | Killed an unseen horror
   782 | D        | Reached skill level 5 in Dodging
   782 | D        | Reached XP level 9. HP: 58/89 MP: 8/8
   915 | D        | Noticed a deep elf pyromancer
   917 | D        | Noticed Erica
   931 | D        | Killed Erica
   932 | D        | Noticed a spriggan rider
   947 | D        | Received a gift from Trog
   952 | D        | HP: 4/90 [fire elemental[a deep elf pyromancer] (14)]
   959 | D        | Killed from afar by a deep elf pyromancer

Illustrated notes

Levels and vault maps discovered:
D:        pitsprint [storerooms_1, entrance_room_1, metal_vault_7, armoury_1,
          mini_pit_1, grid_room_1, main_hall_1, silver_pit, the_coven_3,
          the_vestibule_1, steel_vault_2, golden_pit, hallway_of_sentries,
          crystal_vault_5, iron_vault_2, final_vault]

Skill      XL: |  1  2  3  4  5  6  7  8  9 |
---------------+----------------------------+-----
Armour         | 6 7 8 10 11 12 | 12.0
Fighting       | 6 7 8 10 11 12 | 12.2
Shields        | 7 9 11 13 14 | 14.2
Axes           | 4 7 9 10 13 14 | 14.7
Dodging        | 1 2 3 4 5 |  5.3
Stealth        | 1 |  1.3

Action                   |  1- 3 |  4- 6 |  7- 9 || total
-------------------------+-------+-------+-------++-------
Melee: Hand axe          |     7 |    34 |    26 ||    67
       War axe           |     4 |       |       ||     4
       Headbutt          |     1 |     6 |     9 ||    16
       Broad axe         |       |       |    43 ||    43
Invok: Berserk           |       |     2 |     2 ||     4
       Brothers in Arms  |       |       |     1 ||     1
  Use: Potion            |       |     1 |     4 ||     5
Armor: Scale mail        |     4 |     6 |       ||    10
       Chain mail        |       |     8 |     9 ||    17
       Plate armour      |       |       |    48 ||    48
Dodge: Dodged            |     5 |    15 |    13 ||    33
Block: Kite shield       |     9 |    33 |    49 ||    91

Table legend: (Time is in decaauts)
 A = Elapsed time spent in this place.
 B = Non-inter-level travel time spent in this place.
 C = Inter-level travel time spent in this place.
 D = Time resting spent in this place.
 E = Time spent auto-exploring this place.
 F = Levels seen in this place.
 G = Mean time per level.
                   A        B        C        D        E       F      G
               +--------+--------+--------+--------+--------+-----+--------+
         Total |    990 |    990 |      0 |    422 |    207 |   1 |  990.0 |
       Dungeon |    990 |    990 |      0 |    422 |    207 |   1 |  990.0 |
               +--------+--------+--------+--------+--------+-----+--------+

Top non-repeatable levels by time:
       D: 990 daAuts
